 Dungeon Crawl Stone Soup version 0.31.0-32-g396128a36d (webtiles) character file.

Game seed: 13711842082482867049

45069 PaiMei the Lord of Darkness (level 13, -5/106 HPs)
             Began as a Demonspawn Necromancer on Mar 26, 2024.
             Was the Champion of Kikubaaqudgha.
             Slain by an elephant (13 damage)
             ... on level 3 of the Lair of Beasts.
             The game lasted 00:39:32 (20364 turns).

PaiMei the Lord of Darkness (DsNe)                 Turns: 20364, Time: 00:39:33

Health: -5/106     AC: 24    Str: 14    XL:     13   Next: 99%
Magic:  2/28       EV: 12    Int: 21    God:    Kikubaaqudgha [******]
Gold:   1064       SH:  7    Dex: 15    Spells: 7/35 levels left

rFire   . . .        X - +4 scimitar (flame)
rCold   + + +        P - +2 buckler {rC+}
rNeg    . . .        H - +5 scale mail of the Several Continents {Str+5 Dex+2}
rPois   .            (helmet unavailable)
rElec   .            o - +2 cloak {rC+}
rCorr   .            x - +1 pair of gloves
SInv    +            z - +2 pair of boots
Will    .....        I - amulet of magic regeneration
Stlth   +            c - ring of protection from cold
HPRegen 0.37/turn    A - ring of protection from cold
MPRegen 0.61/turn

%: no passive effects
@: studying Throwing
A: antennae 3, yellow scales 2, powered by death 2, spiny 3
a: Renounce Religion, Unearth Wretches, Torment, Brand Weapon With Pain, Receive
Forbidden Knowledge


You were on level 3 of the Lair of Beasts.
You worshipped Kikubaaqudgha.
Kikubaaqudgha was exalted by your worship.
You visited 4 branches of the dungeon, and saw 16 of its levels.
You also visited: Ice Cave.

You collected 1142 gold pieces.
You spent 78 gold pieces at shops.

Inventory:

Hand Weapons
 y - a +1 flail of pain
 G - a +1 orcbow of draining
 U - the +6 quarterstaff of Duty {heavy, rElec rPois}
   (You found it on level 9 of the Dungeon)

   rElec:     It insulates you from electricity.
   rPois:     It protects you from poison
 X - a +4 scimitar of flaming (weapon)
Missiles
 p - 9 curare-tipped darts (quivered)
 w - 37 poisoned darts
 K - 3 throwing nets
Armour
 o - a +2 cloak of cold resistance (worn)
 r - an orb of mayhem
 x - a +1 pair of gloves (worn)
 z - a +2 pair of boots (worn)
 H - the +5 scale mail of the Several Continents (worn) {Str+5 Dex+2}
   (You found it on level 7 of the Dungeon)

   Str+5:     It affects your strength (+5).
   Dex+2:     It affects your dexterity (+2).
 P - a +2 buckler of cold resistance (worn)
Magical Staves
 q - a staff of death
Jewellery
 c - a ring of protection from cold (left hand)
 A - a ring of protection from cold (right hand)
 E - an amulet of regeneration
 I - an amulet of magic regeneration (around neck)
 J - the ring "Epick" {rF+ EV+5}
   (You took it off an orc wizard on level 11 of the Dungeon)

   [ring of evasion]

   EV+5:      It affects your evasion (+5).
   rF+:       It protects you from fire.
 V - the ring "Gofaatz" {rElec Int+6}
   (You found it on level 9 of the Dungeon)

   [ring of intelligence]

   Int+6:     It affects your intelligence (+6).
   rElec:     It insulates you from electricity.
Wands
 u - a wand of roots (11)
 C - a wand of flame (37)
 D - a wand of light (7)
 F - a wand of polymorph (9)
 L - a wand of charming (18)
Scrolls
 e - 3 scrolls of blinking {unknown}
 f - 3 scrolls of poison {unknown}
 g - 2 scrolls of immolation {unknown}
 j - 6 scrolls of teleportation
 l - 5 scrolls of revelation
 m - 2 scrolls of brand weapon {unknown}
 s - 2 scrolls of summoning {unknown}
 t - 4 scrolls of noise {unknown}
 v - 2 scrolls of enchant weapon {unknown}
 M - a scroll of amnesia {unknown}
 N - 3 scrolls of fog {unknown}
 Q - 2 scrolls of fear {unknown}
 T - a scroll of silence {unknown}
 Y - 2 scrolls of vulnerability {unknown}
Potions
 a - a potion of ambrosia
 b - 2 potions of magic
 d - 3 potions of enlightenment
 h - a potion of haste
 i - 2 potions of might
 k - 5 potions of brilliance
 n - 7 potions of curing
 B - a potion of heal wounds
 O - 2 potions of resistance
Miscellaneous
 R - a box of beasts
 S - a phantom mirror


   Skills:
 - Level 11.2 Fighting
 + Level 4.7 Long Blades
 - Level 6.1 Armour
 - Level 9.3 Dodging
 - Level 2.0 Stealth
 + Level 2.9 Shields
 + Level 11.6 Spellcasting
 + Level 14.1 Necromancy


You had 7 spell levels left.
You knew the following spells:

 Your Spells              Type           Power      Damage    Failure   Level
a - Necrotise             Necr           100%       1d9       1%          1
b - Vampiric Draining     Necr           64%        2d10      1%          3
c - Animate Dead          Necr           64%        N/A       1%          4
d - Curse of Agony        Necr           64%        N/A       2%          5
e - Dispel Undead         Necr           64%        3d22      1%          4
f - Borgnjor's Vile Clut  Necr/Erth      21%        N/A       38%         5
g - Anguish               Hex/Necr       21%        N/A       14%         4
h - Sublimation of Blood  Necr           64%        N/A       1%          2

Your spell library contained the following spells:

 Spells                   Type           Power      Damage    Failure   Level
 Kiss of Death            Conj/Necr      100%       2d13      1%          1
 Fugue of the Fallen      Necr           64%        N/A       1%          3
 Cigotuvi's Dreadful Rot  Necr/Alch/Air  64%        N/A       6%          2
 Death Channel            Necr           32%        N/A       12%         6
 Call Imp                 Summ           24%        N/A       38%         2
 Confusing Touch          Hex            12%        N/A       63%         3
 Dazzling Flash           Conj/Hex       24%        N/A       63%         3
 Frozen Ramparts          Ice            24%        1d4       63%         3
 Mephitic Cloud           Conj/Alch/Air  12%        N/A       63%         3
 Ozocubu's Armour         Ice            12%        N/A       63%         3
 Volatile Blastmotes      Fire/Tloc      24%        2d12      63%         3
 Leda's Liquefaction      Alch/Erth      6%         N/A       95%         4
 Manifold Assault         Tloc           12%        N/A       95%         4
 Petrify                  Alch/Erth      12%        N/A       95%         4
 Summon Blazeheart Golem  Fire/Summ      12%        N/A       95%         4
 Metabolic Englaciation   Hex/Ice        6%         N/A       100%        5
 Silence                  Hex/Air        6%         N/A       100%        5
 Sculpt Simulacrum        Ice/Alch       6%         N/A       100%        6
 Starburst                Conj/Fire      6%         6d4       100%        6
 Orb of Destruction       Conj           6%         9d6       100%        7
 Spellforged Servitor     Conj/Summ      6%         N/A       100%        7
 Summon Hydra             Summ           6%         N/A       100%        7
 Maxwell's Capacitive Co  Air            6%         ∞         100%        8


Dungeon Overview and Level Annotations

Branches:
Dungeon (11/15)            Temple (1/1) D:7            Lair (3/5) D:11
 Spider (1/4) Lair:2          Orc (0/2) D:11          IceCv (visited)
  Swamp: Lair:2-3    Shoals: Lair:2-3

Altars:
Ashenzari
Cheibriados
Dithmenos
Fedhas
Gozag
Hepliaklqana
Kikubaaqudgha
Makhleb
Nemelex Xobeh
Okawaru
Qazlal
Ru
Sif Muna
Trog
Uskayaw
Vehumet
Wu Jian
Xom
Yredelemnul

Shops:
D:2 !   D:6 *   D:8 *

Annotations:
Spider:1 Asterion


Innate Abilities, Weirdness & Mutations

You have a pair of large antennae on your head. (SInv)
You are mostly covered in yellow scales. (AC +3)
You regenerate health from kills.
You are completely covered in sharp spines.


Message History

You draw life force from the elephant.
You feel life coursing into your body. The elephant closely misses you.
The elephant trunk-slaps you. The elephant misses you.
The elephant trunk-slaps you but does no damage.
You hit the elephant but do no damage.
The elephant is moderately wounded.
The elephant is struck by your spines. The elephant tramples you.
You hold your ground!
The elephant trunk-slaps you but does no damage.
The elephant barely misses you. The elephant trunk-slaps you.
Casting: Vampiric Draining (safe; 1% risk of failure)
Confirm with . or Enter, or press ? or * to list all spells.
Aiming: Vampiric Draining (safe; 1% risk of failure)
Press: ? - help, Shift-Dir - straight line, f/p - elephant
Aim: an elephant (moderately wounded, strong)
You draw life force from the elephant!
You feel life coursing into your body. The elephant tramples you!
You hold your ground!
The elephant barely misses you. The elephant is struck by your spines.
The elephant closely misses you.
The elephant trunk-slaps you but does no damage.
You hit the elephant but do no damage.
The elephant is heavily wounded.
The elephant tramples you!
* * * LOW HITPOINT WARNING * * *
You hold your ground!
The elephant closely misses you. The elephant is struck by your spines.
The elephant tramples you!!
* * * LOW HITPOINT WARNING * * *
You hold your ground!
You block the elephant's attack.
Casting: Vampiric Draining (safe; 1% risk of failure)
Confirm with . or Enter, or press ? or * to list all spells.
You don't have enough magic to cast this spell.
You completely miss the elephant.
The elephant is moderately wounded.
The elephant is struck by your spines. The elephant closely misses you.
The elephant misses you. x2; The elephant barely misses you.
The elephant tramples you but does no damage.
The elephant trunk-slaps you but does no damage.
The elephant tramples you!
You die...
Kikubaaqudgha rasps: "You have failed me!
Welcome... death!"

#.....#.#.###.......#
##....##..P##.......#
#....###P.###.......#
##...###...##.......#
#...................#
##.....#.#.#........# ##
....##....##......###..#
#.....#..#..#....Y..#...PP
................@)......PP
...............Y))........
.........>.........♣♣♣♣♣♣
..................♣....♣
................^.♣...♣♣
..................♣♣♣♣.♣
.....P#####+..#...♣ ,§.
......#.P##.###...♣ ..
.....#...... #...♣ { .


You could see 2 elephants.

Vanquished Creatures
  The ghost of PaiMei the Artisan of Death, a journeyman DsNe of Kikubaaqudgha (D:9)
  Fannar (D:10)
  A centaur warrior (D:9)
  Erica (D:9)
  A boulder beetle (D:9)
  2 two-headed ogres
  Sonja (Lair:2)
  3 skeletal warriors (D:11)
  2 spriggan druids (Lair:3)
  A necromancer (IceCv)
  3 ugly things
  A manticore (D:11)
  3 cyclopes (D:11)
  An ice statue (IceCv)
  10 elephants
  A black mamba (Lair:2)
  Joseph (Lair:1)
  7 cane toads
  4 komodo dragons
  An unseen horror (D:11)
  A kobold demonologist (D:11)
  13 ice devils (IceCv)
  2 freezing wraiths (IceCv)
  3 anaconda simulacra (IceCv)
  Prince Ribbit (D:5)
  6 trolls
  2 hornets
  4 blink frogs (Lair:3)
  A slime creature (D:11)
  A spriggan (shapeshifter) (D:9)
  A shadow (D:11)
  A wraith (D:9)
  2 dire elephant simulacra (IceCv)
  A vampire (D:11)
  45 yaks
  4 wyverns
  Eustachio (D:4)
  2 basilisks
  3 death yak simulacra (IceCv)
  2 steam dragons
  A vampire mosquito (D:11)
  2 harpy simulacra (IceCv)
  An acid dragon (D:11)
  8 water moccasins
  A sky beast (D:6)
  3 ice beasts
  7 orc warriors
  3 black bears
  A laughing skull (D:11)
  3 ogres
  9 wolves (Lair:3)
  5 centaurs
  Blork the orc (D:4)
  3 kobold brigands
  2 gnoll sergeants
  3 scorpions
  9 bullfrogs
  5 cane toad simulacra (IceCv)
  A two-headed ogre simulacrum (IceCv)
  3 elephant simulacra (IceCv)
  14 killer bees
  A howler monkey (D:11)
  5 hounds
  9 orc priests
  2 gnoll boudas
  A jelly (D:4)
  Jessica (D:3)
  Ijyb (D:6)
  5 iguanas
  11 orc wizards
  A hell rat (Lair:1)
  2 spriggan simulacra (IceCv)
  3 polar bear simulacra (IceCv)
  6 wolf simulacra (IceCv)
  17 gnolls
  A naga simulacrum (IceCv)
  7 adders
  2 shadow imps (D:7)
  10 white imps
  3 ufetubi
  5 dart slugs
  5 ribbon worms
  38 orcs
  5 bats
  6 endoplasms
  7 goblins
  11 hobgoblins
  2 jackals (D:2)
  18 kobolds
  3 quokkas
  4 ball pythons
  7 frilled lizards
  3 rats
429 creatures vanquished.

Vanquished Creatures (collateral kills)
  A two-headed ogre (D:10)
  2 cyclopes (D:11)
  A cane toad (Lair:1)
  A komodo dragon (Lair:1)
  3 yaks
  A water moccasin (Lair:2)
  2 orc warriors (D:10)
  2 bullfrogs
  5 hell rats (Lair:1)
  A gnoll (D:8)
  5 white imps (Lair:1)
  7 orcs
  An endoplasm (D:1)
  2 kobolds
  A frilled lizard (D:4)
35 creatures vanquished.

Vanquished Creatures (others)
  A komodo dragon zombie (D:11)
  A water moccasin zombie (D:11)
  3 yak zombies (D:10)
  A troll zombie (D:11)
  A bullfrog zombie (Lair:2)
  A black bear zombie (D:11)
  A basilisk zombie (Lair:2)
  4 orc zombies (D:11)
13 creatures vanquished.

Grand Total: 477 creatures vanquished

Notes
Turn   | Place    | Note
-------+----------+-------------------------------------------
     0 | D:1      | PaiMei the Demonspawn Necromancer began the quest for the
                  | Orb.
     0 | D:1      | Reached XP level 1. HP: 13/13 MP: 3/3
   181 | D:1      | Gained mutation: You are partially covered in sharp spines.
                  | [demonic ancestry]
   181 | D:1      | Reached XP level 2. HP: 19/19 MP: 1/5
  1110 | D:2      | Reached XP level 3. HP: 25/25 MP: 3/6
  1387 | D:2      | Found Cetenk's Distillery.
  1541 | D:2      | Reached skill level 1 in Fighting
  2414 | D:2      | Learned a level 3 spell: Vampiric Draining
  2432 | D:3      | Noticed Jessica
  2434 | D:3      | Killed Jessica
  2435 | D:3      | Reached skill level 5 in Necromancy
  2435 | D:3      | Gained mutation: You regenerate a little health from kills.
                  | [demonic ancestry]
  2435 | D:3      | Reached XP level 4. HP: 32/32 MP: 4/8
  2966 | D:3      | Gained mutation: You are mostly covered in sharp spines.
                  | [demonic ancestry]
  2966 | D:3      | Reached XP level 5. HP: 38/38 MP: 5/9
  3099 | D:3      | Found a faded altar of an unknown god.
  3991 | D:4      | Gained mutation: You are partially covered in yellow
                  | scales. (AC +2) [demonic ancestry]
  3991 | D:4      | Reached XP level 6. HP: 46/46 MP: 5/10
  4068 | D:4      | Noticed Blork the orc
  4075 | D:4      | Noticed Eustachio
  4077 | D:4      | Killed Blork the orc
  4086 | D:4      | Killed Eustachio
  4236 | D:4      | Reached skill level 6 in Necromancy
  4246 | D:4      | Reached XP level 7. HP: 52/52 MP: 5/12
  4659 | D:5      | Entered Level 5 of the Dungeon
  4773 | D:5      | Noticed Ijyb
  4773 | D:5      | Noticed Prince Ribbit
  5010 | D:6      | Killed Ijyb
  5116 | D:5      | Killed Prince Ribbit
  5317 | D:5      | Gained mutation: You have a pair of small antennae on your
                  | head. [demonic ancestry]
  5317 | D:5      | Reached XP level 8. HP: 58/60 MP: 3/14
  5672 | D:5      | Reached skill level 7 in Necromancy
  6007 | D:5      | Learned a level 4 spell: Animate Dead
  6032 | D:6      | Found Icosual's General Store.
  6150 | D:6      | Bought 2 potions of curing for 78 gold pieces
  6187 | D:6      | Reached skill level 5 in Spellcasting
  6244 | D:6      | Reached skill level 5 in Dodging
  6417 | D:6      | Reached skill level 5 in Fighting
  6667 | D:7      | Found a staircase to the Ecumenical Temple.
  6707 | D:7      | Identified the +5 scale mail of the Several Continents
                  | {Str+5 Dex+2}
  6711 | Temple   | Entered the Ecumenical Temple
  6729 | Temple   | Became a worshipper of Kikubaaqudgha
  6879 | D:7      | Noticed a purple ugly thing
  6882 | D:7      | Gained mutation: You have a pair of antennae on your head.
                  | [demonic ancestry]
  6882 | D:7      | Reached XP level 9. HP: 68/68 MP: 8/17
  7221 | D:7      | Reached skill level 8 in Necromancy
  7276 | D:7      | Killed a purple ugly thing
  7633 | D:7      | You fall into a shaft and drop 3 floors!
  7633 | D:10     | Entered Level 10 of the Dungeon
  7656 | D:10     | Noticed a two-headed ogre
  7665 | D:10     | Killed a two-headed ogre
  8016 | D:9      | Found a runed translucent door.
  8017 | D:9      | Noticed PaiMei's ghost (journeyman DsNe)
  8074 | D:9      | Reached skill level 9 in Necromancy
  8336 | D:9      | Gained mutation: You are completely covered in sharp
                  | spines. [demonic ancestry]
  8336 | D:9      | Reached XP level 10. HP: 61/79 MP: 12/20
  8681 | D:9      | Noticed Erica
  8748 | D:8      | Reached * piety under Kikubaaqudgha
  8748 | D:8      | Received a gift from Kikubaaqudgha
  9032 | D:8      | Found a hide-covered altar of Uskayaw.
  9504 | D:7      | Reached ** piety under Kikubaaqudgha
 10066 | D:8      | Found Duipax's Elemental Accessories.
 10351 | D:9      | Identified the +6 quarterstaff of Duty {heavy, rElec rPois}
 10481 | D:9      | Reached skill level 10 in Necromancy
 11033 | D:9      | Gained mutation: You regenerate health from kills. [demonic
                  | ancestry]
 11033 | D:9      | Reached XP level 11. HP: 56/87 MP: 3/23
 11349 | D:9      | Noticed a boulder beetle
 11364 | D:9      | Killed a boulder beetle
 11942 | D:9      | Noticed a centaur warrior
 11948 | D:9      | Killed a centaur warrior
 12212 | D:10     | Reached skill level 11 in Necromancy
 12378 | D:10     | Noticed Fannar
 12409 | D:10     | Noticed a two-headed ogre
 12412 | D:10     | Reached *** piety under Kikubaaqudgha
 12412 | D:10     | Received a gift from Kikubaaqudgha
 12673 | D:9      | Learned a level 4 spell: Dispel Undead
 12679 | D:9      | Learned a level 5 spell: Curse of Agony
 12682 | D:9      | Learned a level 2 spell: Sublimation of Blood
 12687 | D:9      | Learned a level 4 spell: Anguish
 12713 | D:9      | Killed PaiMei's ghost
 12715 | D:9      | Identified the ring "Gofaatz" {rElec Int+6}
 12836 | D:9      | Killed Erica
 13291 | D:10     | Killed Fannar
 13469 | D:10     | Killed a two-headed ogre
 13982 | D:11     | Found a staircase to the Orcish Mines.
 13990 | D:11     | Gained mutation: You have a pair of large antennae on your
                  | head. (SInv) [demonic ancestry]
 13990 | D:11     | Reached XP level 12. HP: 88/97 MP: 14/25
 14009 | D:11     | Reached **** piety under Kikubaaqudgha
 14075 | D:11     | Reached skill level 1 in Armour
 14130 | D:11     | Reached skill level 10 in Fighting
 14159 | D:11     | Noticed a two-headed ogre
 14165 | D:11     | Killed a two-headed ogre
 14389 | D:11     | Reached skill level 12 in Necromancy
 15019 | D:11     | Found a staircase to the Lair.
 15281 | D:11     | Identified the ring "Epick" {rF+ EV+5}
 15303 | D:11     | Reached skill level 10 in Spellcasting
 16205 | Lair:1   | Entered Level 1 of the Lair of Beasts
 16226 | Lair:1   | Noticed Joseph
 16239 | Lair:1   | Killed Joseph
 16277 | Lair:1   | Reached ***** piety under Kikubaaqudgha
 16288 | Lair:1   | Found a frozen archway.
 16303 | IceCv    | Entered an ice cave
 16563 | IceCv    | Gained mutation: You are mostly covered in yellow scales.
                  | (AC +3) [demonic ancestry]
 16563 | IceCv    | Reached XP level 13. HP: 79/106 MP: 24/27
 16646 | IceCv    | Reached skill level 13 in Necromancy
 16892 | IceCv    | Found an ancient bone altar of Kikubaaqudgha.
 16907 | IceCv    | Reached skill level 1 in Long Blades
 16911 | IceCv    | Reached skill level 5 in Armour
 17920 | IceCv    | Learned a level 5 spell: Borgnjor's Vile Clutch
 18572 | Lair:1   | Identified the +1 pair of gloves "Tyky" {Str+4 Dex-5}
 18874 | Lair:2   | Noticed Sonja
 18895 | Lair:2   | Killed Sonja
 19259 | Lair:2   | Reached ****** piety under Kikubaaqudgha
 19296 | Lair:2   | Reached skill level 1 in Shields
 19392 | Lair:2   | Found a hole to the Spider Nest.
 19741 | Spider:1 | Entered Level 1 of the Spider Nest
 19741 | Spider:1 | Noticed Asterion
 19969 | Lair:3   | Reached skill level 14 in Necromancy
 20364 | Lair:3   | Slain by an elephant

Illustrated notes

Levels and vault maps discovered:
D:1:      erik_arrival_blinker_ship, layout_basic
D:2:      layout_basic, serial_corexii_hall, corexii_hall_statues_s,
          corexii_hall_statues_s, serial_shops, shop, eino_tiny_chamber,
          kennysheep_generic_room_7
D:3:      layout_rooms, dreamdust_ecumenical_altar_grove, uniq_jessica
D:4:      layout_basic, minmay_misc_feat_more_columns, minmay_lizard_king,
          uniq_eustachio, uniq_blork_the_orc
D:5:      layout_basic, uniq_prince_ribbit1, uniq_ijyb
D:6:      layout_basic, serial_shops, shop
D:7:      kennysheep_housing_project, layout_cave_pools,
          minmay_temple_entry_arrows, enter_bailey_2, minmay_manual_mess
D:8:      layout_rooms, nicolae_uskayaw_dance_hall, nicolae_elemental_shop
D:9:      minmay_tri_box, layout_small_grid, gammafunk_ghost_grave, uniq_erica
D:10:     layout_rooms, special_room [special_room_orc], uniq_fannar
D:11:     kennysheep_windowed_halls, layout_cave_pools,
          due_lair_maze_entry_diamond, david_orc_2
Temple:   compressed_dpeg_circular_temple
Lair:1:   layout_cave_shapes, portal_ice_cave_entry_imps, uniq_joseph
Lair:2:   layout_roguey, dummy_spider_entry, grunt_megastairs_2, uniq_sonja
Lair:3:   layout_regular_city, mainiacjoe_swamp_entry_angry_trees,
          chequers_serial_rivers_micro_a
Spider:1: layout_cave_pods, uniq_aizul, uniq_asterion, uniq_nikola

Skill      XL: |  1  2  3  4  5  6  7  8  9 10 11 12 13 |
---------------+----------------------------------------+-----
Dodging        | 2 3 4 5 6 8 9 |  9.3
Stealth        | 2 |  2.0
Fighting       | 1 2 3 4 5 7 8 9 11 | 11.2
Necromancy     | 5 6 7 9 10 11 12 14 | 14.1
Spellcasting   | 3 4 5 6 8 9 10 11 | 11.6
Armour         | 4 6 |  6.1
Long Blades    | 4 |  4.7
Shields        | 2 |  2.9

Action                     |  1- 3 |  4- 6 |  7- 9 | 10-12 | 13-15 || total
---------------------------+-------+-------+-------+-------+-------++-------
  Melee: Hand axe          |    19 |       |       |       |       ||    19
         Short sword       |       |    18 |    51 |   123 |       ||   192
         Punch             |       |       |       |    10 |     1 ||    11
         Scimitar          |       |       |       |   135 |   155 ||   290
         Mace              |       |       |       |     7 |       ||     7
   Cast: Necrotise         |    76 |    83 |    90 |   105 |    21 ||   375
         Vampiric Draining |       |     3 |    53 |   146 |   107 ||   309
         Animate Dead      |       |       |     1 |     4 |     2 ||     7
         Dispel Undead     |       |       |       |    30 |    18 ||    48
         Curse of Agony    |       |       |       |    10 |     3 ||    13
    Use: Scroll            |       |       |       |     8 |     2 ||    10
   Stab: Distracted        |       |       |       |     2 |       ||     2
 Armour: Robe              |    20 |    17 |    93 |   205 |       ||   335
         Scale mail        |       |       |       |   160 |   325 ||   485
  Dodge: Dodged            |    16 |    35 |   111 |   370 |   222 ||   754
  Block: Buckler           |       |       |       |       |    80 ||    80
